 Dungeon Crawl Stone Soup version 0.27.0-1-g7a089689b8 (webtiles) character file.

Game seed: 15900710204734855759

239 Ozzies the Skirmisher (level 5, -15/49 HPs)
             Began as a Palentonga Monk on Aug 1, 2021.
             Was a Believer of Cheibriados.
             Engulfed by a cloud of flame (18 damage)
             ... on level 4 of the Dungeon.
             The game lasted 00:05:09 (4077 turns).

Ozzies the Skirmisher (Palentonga Monk)             Turns: 4077, Time: 00:05:10

Health: -15/49     AC:  5    Str: 20    XL:     5   Next: 79%
Magic:  5/5        EV: 10    Int: 14    God:    Cheibriados [**....]
Gold:   222        SH:  0    Dex: 16    Spells: 4/4 levels left

rFire    . . .     SeeInvis +     - Unarmed
rCold    . . .     Faith    .   (no shield)
rNeg     . . .     Spirit   .   a - +0 robe
rPois    .         Reflect  .   (no helmet)
rElec    .         Harm     .   (no cloak)
rCorr    .         Rampage  .   n - +0 pair of gloves
Will     .....                  (no barding)
Stlth    ++........             (no amulet)
HPRegen  0.16/turn              (no ring)
MPRegen  0.09/turn              (no ring)

@: very slow
A: large, rugged brown scales 3, see invisible, deformed body, roll 1, armoured
tail
a: Rolling Charge, Renounce Religion, Bend Time


You were on level 4 of the Dungeon.
You worshipped Cheibriados.
Cheibriados was pleased with you.
You visited 2 branches of the dungeon, and saw 5 of its levels.

You collected 222 gold pieces.

Inventory:

Missiles
 c - 6 curare-tipped darts (quivered)
 g - 23 sling bullets
 h - 6 stones
Armour
 a - a +0 robe (worn)
 n - a +0 pair of gloves (worn)
Scrolls
 d - a scroll of enchant weapon {unknown}
 l - a scroll of magic mapping {unknown}
 q - 2 scrolls of identify {unknown}
Potions
 b - 2 potions of ambrosia {unknown}
 e - a potion of mutation {unknown}
 f - a potion of magic {unknown}
 i - a potion of brilliance {unknown}
 j - a potion of flight {unknown}
 k - 2 potions of invisibility {unknown}
 m - a potion of haste {unknown}
 o - a potion of resistance {unknown}
 p - a potion of degeneration {unknown}


   Skills:
 * Level 5.6 Fighting
 - Level 2.4 Dodging
 - Level 1.2 Stealth
 + Level 4.4 Unarmed Combat


You had 4 spell levels left.
You didn't know any spells.
Your spell library contained the following spells:

 Spells                   Type           Power      Damage    Failure   Level
 Summon Forest            Summ/Tloc      0%         N/A       100%        5
 Eringya's Noxious Bog    Tmut/Pois      0%         N/A       100%        6
 Summon Hydra             Summ           0%         N/A       100%        7


Dungeon Overview and Level Annotations

Branches:
Dungeon (4/15)             Temple (1/1) D:4

Altars:
Ashenzari
Cheibriados
Dithmenos
Hepliaklqana
Kikubaaqudgha
Nemelex Xobeh
Okawaru
Ru
Vehumet
Wu Jian
Yredelemnul
Lugonu

Annotations:
D:4 2 transporters, exclusion: ogre, flamekin42's ghost, amateur DjFE


Innate Abilities, Weirdness & Mutations

You are completely covered in rugged brown scales. (AC +3, +7% HP)
You have supernaturally acute eyesight. (SInv)
Armour fits poorly on your strangely shaped body.
You can roll at nearby foes to attack.
You have a long armoured tail.


Message History

No target in view!
No target in view!
No target in view!
No target in view!
You see here a hobgoblin corpse.
You now have 205 gold pieces (gained 15).
Found a transporter.
You open the door.
Found a rapier.
There is an open door here.
A goblin comes into view. It is wielding a +0 club.
The goblin shouts!
A goblin is nearby!
A goblin is nearby!
A goblin is nearby!
You punch the goblin!
You kill the goblin!
Cheibriados appreciates the change of pace.
No target in view!
No target in view!
No target in view!
No target in view!
No target in view!
No target in view!
No target in view!
No target in view!
No target in view!
No target in view!
No target in view!
No target in view!
No target in view!
No target in view!
No target in view!
Things that are here:
a +0 club; a goblin corpse
k - 2 red potions (gained 1)
e - a lumpy pink potion You open the door.
There is an open door here.
There is an open door here.
There is an open door here.
Found an ornate altar of the Wu Jian Council.
There is an open door here.
You see here a +0 dagger.
You now have 222 gold pieces (gained 17).
There is a stone staircase leading up here.
Key pressed, stopping explore.
There is an open door here.
There is an open door here.
There is an open door here.
Key pressed, stopping explore.
You see here a +0 giant club.
You open the door.
There is an open door here.
There is an open door here.
There is an open door here.
Partly explored, unvisited transporter and can't reach some items and places.
Partly explored, unvisited transporter and can't reach some items and places.
Partly explored, unvisited transporter and can't reach some items and places.
Partly explored, unvisited transporter and can't reach some items and places.
You are a level 5 Palentonga Monk.
You are 79% of the way to level 6.
Play time: 00:03:55 (3955 turns).
Zot will find you in 30431 turns if you stay in this branch and explore no new floors.
There is a stone staircase leading up here.
There is an open door here.
You open the door.
There is an open door here.
The quasit gives a chilling moan.
There is a transporter here.
Press: ? - help, v - describe, . - travel
Here: flamekin42's ghost (wandering, hasn't noticed you, fire blocked by a translucent stone wall)
The floor.
Placed new exclusion.
Reduced exclusion size to a single square.
Removed exclusion.
Sorry, I don't know how to get there.
Press: ? - help, v - describe, . - travel
Here: flamekin42's ghost (wandering, hasn't noticed you, fire blocked by a translucent stone wall)
The floor.
Partly explored, unvisited transporter and can't reach some items and places.
Partly explored, unvisited transporter and can't reach some items and places.
Press: ? - help, v - describe, . - travel
Here: a quasit (fire blocked by a translucent stone wall)
The floor.
Partly explored, unvisited transporter and can't reach some items and places.
You aren't carrying any pieces of jewellery.
There's something in the way.
You aren't carrying any pieces of jewellery.
There's something in the way.
Search for what [Enter for "che", or ? for help]? .
Unknown command.
There is a transporter here.
There is an open door here.
Really walk into a travel-excluded area?
You are engulfed in blazing flames.
You are engulfed in blazing flames.
Ouch! That really hurt!
* * * LOW HITPOINT WARNING * * *
You are engulfed in blazing flames.
You die...

..###'##.# #○°○# ####'#####
..#......# #○☼☼# ###........#
..#......# #☼§§# #..........#
..'......#####...#####.........[#
..#.......☼§°.:...§§§...........#
..#.......☼☼§..$..§°............#
..#...##..§○§..$$.§§☼.###...##.##
..##+###.#####...########...####
..#......# #§○@# #..#....#
..#......# #°☼§# #..#....#
..#......# #☼§☼# #..#....#
..#......#####...#####..#....#
..#.....................#....#
..#.....................#....#
..#..............)......'....#
..#......##....##...##.##..###
..#......##....#######.##.)#


There were no monsters in sight!

Vanquished Creatures
  An ogre (D:4)
  A hound (D:4)
  An orc priest (D:4)
  3 gnolls
  2 adders (D:3)
  3 dart slugs
  4 endoplasms
  3 giant cockroaches
  6 goblins
  7 hobgoblins
  5 ball pythons
  4 bats
  2 frilled lizards
  A jackal skeleton (D:4)
  6 kobolds
  3 rats (D:3)
52 creatures vanquished.

Vanquished Creatures (others)
  A ball python (D:4)
  A hobgoblin (D:4)
2 creatures vanquished.

Grand Total: 54 creatures vanquished

Notes
Turn   | Place    | Note
-------+----------+-------------------------------------------
     0 | D:1      | Ozzies the Palentonga Monk began the quest for the Orb.
     0 | D:1      | Reached XP level 1. HP: 19/19 MP: 1/1
   258 | D:1      | Reached XP level 2. HP: 24/25 MP: 2/2
   756 | D:1      | Reached XP level 3. HP: 15/32 MP: 3/3
   929 | D:1      | Reached skill level 4 in Fighting
  2249 | D:3      | Reached XP level 4. HP: 40/40 MP: 4/4
  2258 | D:3      | Found a radiant altar of Vehumet.
  2777 | D:3      | Found a sacrificial altar of Ru.
  3111 | D:4      | Found a shadowy altar of Dithmenos.
  3153 | D:4      | Noticed an ogre
  3211 | D:4      | Found a staircase to the Ecumenical Temple.
  3218 | Temple   | Entered the Ecumenical Temple
  3398 | Temple   | Became a worshipper of Cheibriados the Contemplative
  3398 | Temple   | Reached * piety under Cheibriados
  3398 | Temple   | Reached ** piety under Cheibriados
  3434 | D:4      | Noticed an ogre
  3437 | D:4      | Reached skill level 5 in Fighting
  3437 | D:4      | Reached XP level 5. HP: 38/47 MP: 5/5
  3440 | D:4      | Killed an ogre
  3497 | D:4      | Found a hazy altar of Hepliaklqana.
  3567 | D:4      | Noticed flamekin42's ghost (amateur DjFE)
  3580 | D:4      | Found a transporter.
  3621 | D:4      | Found a transporter.
  3747 | D:4      | Found an ornate altar of the Wu Jian Council.
  4077 | D:4      | Engulfed by a cloud of flame

Illustrated notes

Levels and vault maps discovered:
D:1:      dpeg_arrival_houses_and_road, layout_loops_ring
D:2:      layout_loops_corners
D:3:      layout_basic, mainiacjoe_overflow_swirl, minmay_checkerbox
D:4:      layout_gridville, mainiacjoe_overflow_small_starburst,
          pdpol_wu_jian_five_deadly_venoms, mainiacjoe_overflow_brackets,
          minmay_temple_entry_proselytizer, gammafunk_ghost_stat_death,
          amcnicky_mini_rare_corridor_liquid, lemuel_flame_loot_1
Temple:   corrupted_temple

Skill      XL: |  1  2  3  4 |
---------------+-------------+-----
Fighting       | 4 5 |  5.6
Unarmed Combat | 4 |  4.4
Dodging        | |  2.4
Stealth        | |  1.2

Action                   |  1- 3 |  4- 6 || total
-------------------------+-------+-------++-------
Melee: Unarmed           |    99 |    56 ||   155
       Tailslap          |    10 |     8 ||    18
       Punch             |       |     2 ||     2
Throw: Dart              |       |     2 ||     2
 Stab: Sleeping          |     6 |       ||     6
Armor: Robe              |    33 |    12 ||    45
Dodge: Dodged            |    56 |    21 ||    77
